 Dungeon Crawl Stone Soup version 0.32-a0-931-g5a2cda0630 (webtiles) character file.

Game seed: 2104227180401036239

497 GiantSquids the Ruffian (level 7, -3/43 HPs)
             Began as an Octopode Shapeshifter on Apr 13, 2024.
             Slain by an ogre
             ... wielding a +0 giant club
              (29 damage)
             ... on level 4 of the Dungeon.
             The game lasted 00:05:02 (3061 turns).

GiantSquids the Ruffian (Octopode Shapeshifter)     Turns: 3061, Time: 00:05:02

Health: -3/43      AC:  1    Str: 16    XL:     7   Next: 15%
Magic:  0/7        EV: 12    Int: 12    God:
Gold:   217        SH:  0    Dex: 11    Spells: 6/6 levels left

rFire   . . .        r - +8 scythe (venom)
rCold   . . .        (shield currently unavailable)
rNeg    . . .        (helmet currently unavailable)
rPois   .            l - amulet of guardian spirit
rElec   .            (no ring)
rCorr   .            (no ring)
SInv    .            (no ring)
Will    .....        (no ring)
Stlth   ++           (no ring)
HPRegen 0.27/turn    (no ring)
MPRegen 0.10/turn    (no ring)
                     (no ring)

%: guardian spirit
@: beast-form
A: beast (slay +2), almost no armour, amphibious, 8 rings, camouflage 1,
gelatinous body 1, (nimble swimmer 1), tentacles
a: Begin Untransformation


You were on level 4 of the Dungeon.
You were a hulking beast.
You visited 1 branch of the dungeon, and saw 4 of its levels.

You collected 217 gold pieces.

Inventory:

Hand Weapons
 r - a +8 scythe of venom (weapon)
Missiles
 q - 3 boomerangs (quivered)
Jewellery
 l - an amulet of guardian spirit (around mantle)
Talismans
 b - a beast talisman (active)
 c - a flux talisman
 d - a maw talisman
Wands
 s - a wand of flame (24)
Scrolls
 e - 2 scrolls of immolation {unknown}
 f - a scroll of fog {unknown}
 h - a scroll of noise {unknown}
 i - 4 scrolls of teleportation {unknown}
 k - 2 scrolls of amnesia {unknown}
 o - a scroll of enchant weapon {unknown}
 p - a scroll of blinking {unknown}
 t - a scroll of brand weapon {unknown}
Potions
 a - 3 potions of lignification
 g - a potion of heal wounds
 j - a potion of mutation {unknown}
 m - a potion of might {unknown}
 n - a potion of cancellation {unknown}


   Skills:
 - Level 1.0 Fighting
 - Level 2.0 Dodging
 - Level 7.5 Unarmed Combat
 + Level 3.7 Shapeshifting


You had 6 spell levels left.
You didn't know any spells.
Your spell library was empty.

Dungeon Overview and Level Annotations

Branches:
Dungeon (4/15)
 Temple: D:4-7

Altars:

Annotations:
D:4 Pikel


Innate Abilities, Weirdness & Mutations

You are a hulking beast.
Your limbs bulge with bestial killing power. (Slay +2)
You cannot wear most types of armour.
You are amphibious.
You can wear up to eight rings at the same time.
Your skin changes colour to match your surroundings (Stealth+).
Your rubbery body absorbs attacks. (AC +1, EV +1)
((You are camouflaged when in or above water. (Stealth+)))
You have tentacles for arms and can constrict up to eight enemies at once.


Message History

You constrict the iguana. The goblin barely misses you.
The iguana barely misses you. The goblin barely misses you.
You hit the goblin.
You kill the goblin!
You constrict the iguana!
You kill the iguana!
The iguana misses you.
You hit the iguana.
The iguana is poisoned.
You grab the iguana.
The iguana is lightly wounded.
You constrict the iguana! The iguana bites you!
* * * LOW HITPOINT WARNING * * *
You slice the iguana!!
You kill the iguana!
You start resting.
Magic restored.
You start resting.
HP restored.
You now have 217 gold pieces (gained 10).
Things that are here:
a +0 club; a +0 club; a goblin corpse
s - a wand of flame (24)
Items here: ) [[ †.
Okay, then.
You see here a +0 club.
t - a scroll labelled YCZIUJULUA An ogre comes into view.
It is wielding a +0 giant club.
The ogre shouts!
You hear a shout! x2
Reach: r) +8 scythe (venom)
Press: ? - help, Dir - move target, f - ogre
Aim: an ogre, wielding a +0 giant club (about 24% to evade your +8 scythe of venom)
You reach to attack!
You hit the ogre.
The ogre is poisoned.
The ogre is lightly wounded.
You barely miss the ogre.
The ogre is lightly wounded.
The ogre hits you with a +0 giant club!!
You hit the ogre.
The ogre looks as sick as possible!
The ogre is heavily wounded.
The ogre hits you with a +0 giant club!!
Ouch! That really hurt!
You die...

..#............. ...##########
.................. #...#...<..#
##.....##..####...###...#...)..##
.......###...........#....).)..%#
#.......##.##... ........#†)...(.
....##.....#....###..##...)..).).
..#....#...##.........#...####...
.)#....#..................# #...
.[†...## .#....Oh.........# #...
.##.....?.#...#...........# ##..>
...........^. ##............#....
...#....... #.##..#.....[..##.
...#...... ......##......#.##.
...##.#..# ............#.#.#####
...# .#..# ......##....##### J.##
.# .# .#.#..# #...# .gg# ..#
....#


You could see an ogre (extremely poisoned).

Vanquished Creatures
  Sigmund (D:4)
  A lemure (D:4)
  A hound (D:4)
  2 iguanas (D:4)
  Jessica (D:2)
  Robin (D:4)
  4 gnolls (D:2)
  11 adders
  4 ribbon worms
  3 dart slugs
  2 orcs
  4 endoplasms
  2 giant cockroaches
  11 goblins
  6 hobgoblins
  3 quokkas
  5 ball pythons (D:2)
  4 bats
  A frilled lizard (D:1)
  4 kobolds
  4 rats
75 creatures vanquished.

Notes
Turn   | Place    | Note
-------+----------+-------------------------------------------
     0 | D:1      | GiantSquids the Octopode Shapeshifter began the quest for
                  | the Orb.
     0 | D:1      | Reached XP level 1. HP: 13/13 MP: 1/1
   308 | D:1      | Reached XP level 2. HP: 18/18 MP: 2/2
   537 | D:2      | Noticed Jessica
   538 | D:2      | Reached skill level 4 in Unarmed Combat
   546 | D:2      | Killed Jessica
   547 | D:2      | Reached XP level 3. HP: 9/23 MP: 3/3
   815 | D:2      | Reached XP level 4. HP: 19/28 MP: 4/4
   880 | D:2      | Reached skill level 5 in Unarmed Combat
  1069 | D:2      | Reached XP level 5. HP: 33/33 MP: 5/5
  1430 | D:2      | Reached skill level 6 in Unarmed Combat
  2452 | D:4      | Noticed a lemure
  2452 | D:4      | Noticed Pikel
  2461 | D:4      | Noticed a lemure
  2462 | D:4      | Noticed a lemure
  2463 | D:4      | Noticed a lemure
  2521 | D:4      | Noticed Sigmund
  2635 | D:4      | Reached XP level 6. HP: 34/38 MP: 4/6
  2708 | D:4      | Killed Sigmund
  2709 | D:4      | Reached skill level 7 in Unarmed Combat
  2714 | D:4      | Noticed Robin
  2908 | D:4      | Killed Robin
  2909 | D:4      | Reached XP level 7. HP: 31/43 MP: 5/7
  3061 | D:4      | Slain by an ogre

Illustrated notes

Levels and vault maps discovered:
D:1:      heliophobic_arrival_battle_scene, layout_basic
D:2:      layout_loops_cross, minmay_snake_closets, uniq_jessica
D:3:      layout_loops_ring, grunt_ministairs_14,
          chequers_serial_rivers_micro_b, kennysheep_path_1,
          dreamdust_princess_bridge
D:4:      layout_cave_pools, hangedman_decor_clover_reticule, uniq_sigmund,
          uniq_pikel, uniq_robin

Skill      XL: |  1  2  3  4  5  6 |
---------------+-------------------+-----
Unarmed Combat | 4 5 6 7 |  7.5
Fighting       | |  1.0
Dodging        | |  2.0
Shapeshifting  | |  3.7

Action                     |  1- 3 |  4- 6 |  7- 9 || total
---------------------------+-------+-------+-------++-------
  Melee: Unarmed           |    30 |    76 |       ||   106
         Constrict         |    11 |    24 |     4 ||    39
         Tentacles         |     5 |    11 |     1 ||    17
         Punch             |       |     5 |       ||     5
         Halberd           |       |    18 |    12 ||    30
    Use: Potion            |       |     1 |       ||     1
   Stab: Sleeping          |     4 |     8 |       ||    12
         Distracted        |       |     1 |       ||     1
 Armour: Skin              |     8 |    42 |     7 ||    57
  Dodge: Dodged            |    16 |    58 |    11 ||    85

Table legend: (Time is in decaauts)
 A = Elapsed time spent in this place.
 B = Non-inter-level travel time spent in this place.
 C = Inter-level travel time spent in this place.
 D = Time resting spent in this place.
 E = Time spent auto-exploring this place.
 F = Levels seen in this place.
 G = Mean time per level.
                   A        B        C        D        E       F      G
               +--------+--------+--------+--------+--------+-----+--------+
         Total |   3066 |   2738 |    328 |    332 |   1880 |   4 |  766.5 |
       Dungeon |   3066 |   2738 |    328 |    332 |   1880 |   4 |  766.5 |
               +--------+--------+--------+--------+--------+-----+--------+

Top non-repeatable levels by time:
     D:3: 1038 daAuts
     D:2: 1025 daAuts
     D:1: 567 daAuts
     D:4: 435 daAuts
